 Dungeon Crawl Stone Soup version 0.29.1-1-gd02db6906a (webtiles) character file.

Game seed: 17397092331222633745

963 dave1331 the Cleaver (level 8, -1/68 HPs)
             Began as a Hill Orc Fighter on Oct 4, 2022.
             Was a Believer of Vehumet.
             Slain by an orc warrior
             ... wielding a +0 flail
              (4 damage)
             ... on level 6 of the Dungeon.
             The game lasted 00:14:26 (6161 turns).

dave1331 the Cleaver (Hill Orc Fighter)             Turns: 6161, Time: 00:14:27

Health: -1/68      AC: 17    Str: 21    XL:     8   Next: 15%
Magic:  0/8        EV:  9    Int:  8    God:    Vehumet [**....]
Gold:   247        SH:  4    Dex: 10    Spells: 7/7 levels left

rFire   . . .      SeeInvis .   a - +0 war axe (protect)
rCold   . . .      Faith    .   c - +0 buckler
rNeg    . . .      Spirit   +   b - +0 scale mail
rPois   +          Reflect  .   q - +2 helmet
rElec   .          Harm     .   (no cloak)
rCorr   +          Rampage  .   (no gloves)
Will    .....                   (no boots)
Stlth   ..........              r - amulet of guardian spirit
HPRegen 0.21/turn               A - ring of resist corrosion
MPRegen 0.11/turn               D - ring of poison resistance

@: under a protective aura
A: no striking features
a: Renounce Religion


You were on level 6 of the Dungeon.
You worshipped Vehumet.
Vehumet was pleased with you.
You visited 1 branch of the dungeon, and saw 6 of its levels.

You collected 247 gold pieces.

Inventory:

Hand Weapons
 a - a +0 war axe of protection (weapon)
 u - a +1 short sword of protection
Armour
 b - a +0 scale mail (worn)
 c - a +0 buckler (worn)
 h - a +0 helmet
 q - a +2 helmet (worn)
Jewellery
 l - a ring of flight
 r - an amulet of guardian spirit (around neck)
 A - a ring of resist corrosion (left hand)
 B - a ring of magical power
 D - a ring of poison resistance (right hand)
Wands
 n - a wand of polymorph (12)
 t - a wand of digging (4)
 C - a wand of roots (4)
Scrolls
 e - a scroll of summoning
 o - 2 scrolls of blinking
 p - a scroll of fog
 s - 3 scrolls of teleportation
 w - a scroll of identify
 y - 2 scrolls of vulnerability {unknown}
 E - a scroll of brand weapon
 F - a scroll of silence {unknown}
Potions
 d - a potion of might
 f - a potion of attraction {unknown}
 g - 2 potions of curing
 i - 2 potions of heal wounds
 k - a potion of berserk rage {unknown}
 m - a potion of ambrosia {unknown}
 x - a potion of flight {unknown}
 z - 2 potions of lignification {unknown}
 G - a potion of brilliance {unknown}


   Skills:
 + Level 5.1 Fighting
 + Level 8.3 Axes
 + Level 6.1 Armour
 + Level 1.5 Dodging
 + Level 0.2 Stealth
 + Level 4.6 Shields


You had 7 spell levels left.
You didn't know any spells.
Your spell library contained the following spells:

 Spells                   Type           Power      Damage    Failure   Level
 Scorch                   Fire           0%         2d5       91%         2
 Beastly Appendage        Tmut           0%         N/A       82%         1
 Sandblast                Erth           0%         2d4       82%         1
 Ensorcelled Hibernation  Hex/Ice        0%         N/A       91%         2
 Passwall                 Tmut/Erth      0%         N/A       91%         2
 Wereblood                Tmut           0%         N/A       91%         2
 Ozocubu's Armour         Ice            0%         N/A       99%         3
 Spider Form              Tmut/Pois      0%         N/A       99%         3
 Stone Arrow              Conj/Erth      0%         3d7       99%         3
 Swiftness                Air            0%         N/A       99%         3
 Anguish                  Hex/Necr       0%         N/A       100%        4
 Blade Hands              Tmut           0%         N/A       100%        5
 Irradiate                Conj/Tmut      0%         3d11      100%        5
 Dragon Form              Tmut           0%         N/A       100%        7
 Ozocubu's Refrigeration  Ice            0%         4d7       100%        7


Dungeon Overview and Level Annotations

Branches:
Dungeon (6/15)
 Temple: D:4-7

Altars:
Ashenzari
Cheibriados
Dithmenos
Fedhas
Kikubaaqudgha
Okawaru
Qazlal
Sif Muna
Uskayaw
Vehumet
Wu Jian
Xom
Yredelemnul


Message History

You kill the orc!
Vehumet accepts your kill.
The orc warrior shoots a bolt.
The bolt hits you but does no damage.
The orc warrior shoots a bolt.
The bolt closely misses you.
Found an escape hatch in the ceiling.
The orc warrior unwields a +0 arbalest.
The orc warrior wields a +0 flail.
The orc warrior hits you with a +0 flail!
* * * LOW HITPOINT WARNING * * *
You closely miss the orc warrior.
The orc warrior hits you but does no damage.
The orc warrior closely misses you.
You slash the orc warrior!
The orc warrior is heavily wounded.
The orc warrior closely misses you.
You hit the orc warrior.
The orc warrior is heavily wounded.
The orc warrior hits you with a +0 flail.
You closely miss the orc warrior.
The orc warrior is heavily wounded.
The orc warrior closely misses you.
You slash the orc warrior!
The orc warrior is severely wounded.
The orc warrior hits you with a +0 flail.
* * * LOW HITPOINT WARNING * * *
You closely miss the orc warrior.
The orc warrior is severely wounded.
The orc warrior barely misses you.
You hit the orc warrior but do no damage.
The orc warrior is severely wounded.
You block the orc warrior's attack.
You hit the orc warrior but do no damage.
The orc warrior is severely wounded.
The orc warrior hits you with a +0 flail.
* * * LOW HITPOINT WARNING * * *
The orc warrior hits you with a +0 flail.
* * * LOW HITPOINT WARNING * * *
You closely miss the orc warrior.
The orc warrior is severely wounded.
The orc warrior hits you with a +0 flail.
You die...

................#
##...........#+## ..
...####......# ...
...#.......#.#+##...
.. #.###.#.#........
#.#.....#........
#.......)......#
#...#...)....#.#
.........o@..>..#
#.#......##.####.#
#........##.# #
........+...
.......##.## .......
... .<# ###


You could see an orc warrior.

Vanquished Creatures
  Grinder (D:5)
  Sigmund (D:3)
  2 black bears
  Blork the orc (D:4)
  A jelly (D:5)
  Crazy Yiuf (D:3)
  An iguana (D:5)
  Terence (D:3)
  Robin (D:3)
  3 gnolls (D:4)
  7 adders
  3 white imps
  2 ufetubi
  2 worms
  4 dart slugs
  8 orcs
  7 ball pythons
  2 bats
  4 endoplasms
  4 giant cockroaches
  9 goblins
  10 hobgoblins
  4 jackals (D:2)
  5 quokkas
  3 frilled lizards
  11 kobolds
  6 rats
104 creatures vanquished.

Notes
Turn   | Place    | Note
-------+----------+-------------------------------------------
     0 | D:1      | dave1331 the Hill Orc Fighter began the quest for the Orb.
     0 | D:1      | Reached XP level 1. HP: 19/19 MP: 1/1
   221 | D:1      | Reached XP level 2. HP: 26/27 MP: 2/2
   777 | D:2      | Reached skill level 3 in Axes
   861 | D:2      | Reached XP level 3. HP: 27/33 MP: 3/3
  1530 | D:2      | Found a faded altar of an unknown god.
  1555 | D:2      | Prayed at the altar of an unknown god.
  1555 | D:2      | Became a worshipper of Vehumet
  1555 | D:2      | Reached * piety under Vehumet
  1555 | D:2      | Offered knowledge of Freeze by Vehumet.
  1635 | D:2      | Reached XP level 4. HP: 39/40 MP: 4/4
  2286 | D:3      | Found a stormy altar of Qazlal.
  2288 | D:3      | Found a shadowy altar of Dithmenos.
  2296 | D:3      | Found a basalt altar of Yredelemnul.
  2298 | D:3      | Found a snail-covered altar of Cheibriados.
  2300 | D:3      | Found a radiant altar of Vehumet.
  2301 | D:3      | Found a broken altar of Ashenzari.
  2303 | D:3      | Found a blossoming altar of Fedhas.
  2310 | D:3      | Found an ornate altar of the Wu Jian Council.
  2350 | D:3      | Noticed Robin
  2356 | D:3      | Reached skill level 4 in Axes
  2403 | D:3      | Killed Robin
  2891 | D:3      | Found a shimmering blue altar of Sif Muna.
  3095 | D:3      | Reached XP level 5. HP: 37/46 MP: 5/5
  3186 | D:3      | Noticed Terence
  3199 | D:3      | Killed Terence
  3322 | D:3      | Noticed Sigmund
  3334 | D:3      | Reached ** piety under Vehumet
  3344 | D:3      | Killed Sigmund
  3344 | D:3      | Offered knowledge of Poisonous Vapours by Vehumet.
  3345 | D:3      | Reached skill level 6 in Axes
  3345 | D:3      | Reached skill level 5 in Armour
  3345 | D:3      | Reached XP level 6. HP: 44/52 MP: 6/6
  3556 | D:3      | Found a runed translucent door.
  3557 | D:3      | Noticed Crazy Yiuf
  3606 | D:3      | Killed Crazy Yiuf
  4165 | D:4      | Noticed a black bear
  4174 | D:4      | Killed a black bear
  4175 | D:4      | Reached XP level 7. HP: 50/60 MP: 5/7
  4361 | D:4      | Found a shimmering altar of Xom.
  4398 | D:4      | Found an iron altar of Okawaru.
  4741 | D:4      | Noticed Blork the orc
  4751 | D:4      | Killed Blork the orc
  4751 | D:4      | Offered knowledge of Scorch by Vehumet.
  4752 | D:4      | Reached skill level 7 in Axes
  4752 | D:4      | Reached skill level 1 in Dodging
  4970 | D:5      | Entered Level 5 of the Dungeon
  5220 | D:5      | Found an ancient bone altar of Kikubaaqudgha.
  5374 | D:5      | Found a hide-covered altar of Uskayaw.
  5480 | D:5      | Noticed Grinder
  5511 | D:5      | Killed Grinder
  5512 | D:5      | Reached skill level 5 in Fighting
  5512 | D:5      | Reached skill level 8 in Axes
  5512 | D:5      | Reached XP level 8. HP: 50/68 MP: 5/8
  6160 | D:6      | HP: 3/68 [orc warrior/+0 flail (2)]
  6161 | D:6      | Slain by an orc warrior

Illustrated notes

Levels and vault maps discovered:
D:1:      elethiomel_arrival_infinity_welcomes_careful_drivers, layout_rooms
D:2:      layout_basic, shapermc_ecumenical_altar_acropolis, dk_noncrumbling_2
D:3:      layout_rooms, lemuel_tele_altar, nicolae_overflow_hallway_of_the_gods,
          nrook_campfire, amcnicky_mini_rare_corridor_liquid,
          minmay_misc_feat_encased, uniq_robin, uniq_terence, uniq_sigmund,
          uniq_crazy_yiuf_cottage
D:4:      layout_gridville, mainiacjoe_overflow_alcove_4,
          okawaru_altar_gauntlet_db, saegor_snake_ambush, uniq_blork_the_orc
D:5:      layout_gridville, mainiacjoe_overflow_24_doors, lemuel_round_altar,
          uniq_grinder
D:6:      layout_basic, minmay_temple_entry_antechambers,
          kennysheep_generic_room_4

Skill      XL: |  1  2  3  4  5  6  7 |
---------------+----------------------+-----
Axes           | 3 4 6 8 |  8.3
Fighting       | 4 5 |  5.1
Armour         | 4 5 6 |  6.1
Shields        | 4 |  4.6
Dodging        | 1 |  1.5
Stealth        | |  0.2

Action                   |  1- 3 |  4- 6 |  7- 9 || total
-------------------------+-------+-------+-------++-------
Melee: War axe           |    81 |   153 |   129 ||   363
  Use: Scroll            |     1 |     5 |     2 ||     8
Armor: Scale mail        |    35 |    81 |    94 ||   210
Dodge: Dodged            |    48 |    81 |    63 ||   192
Block: Buckler           |    19 |    44 |    34 ||    97
